 Dungeon Crawl Stone Soup version 0.32-a0-953-g508020473e (webtiles) character file.

Game seed: 16146251765597663654

21 Esekla the Grasshopper (level 2, -2/20 HPs)
             Began as a Demonspawn Wanderer on Apr 16, 2024.
             Slain by a ribbon worm (3 damage)
             ... on level 2 of the Dungeon.
             The game lasted 00:04:53 (950 turns).

Esekla the Grasshopper (Demonspawn Wanderer)         Turns: 950, Time: 00:04:54

Health: -2/20      AC:  6    Str: 17    XL:     2   Next: 62%
Magic:  5/5        EV:  8    Int: 13    God:
Gold:   34         SH:  0    Dex: 12    Spells: 4/5 levels left

rFire   . . .        a - +0 dagger
rCold   . . .        (no shield)
rNeg    . . .        b - +0 scale mail
rPois   .            (no helmet)
rElec   .            (no cloak)
rCorr   .            (no gloves)
SInv    .            (no boots)
Will    .....        (no amulet) Stlth
                     k - +6 ring of strength
HPRegen 0.23/turn    (no ring)
MPRegen 0.09/turn

%: no passive effects
@: no status effects
A: claws 1
a: no special abilities


You were on level 2 of the Dungeon.
You visited 1 branch of the dungeon, and saw 2 of its levels.

You collected 34 gold pieces.

Inventory:

Hand Weapons
 a - a +0 dagger (weapon)
Armour
 b - a +0 scale mail (worn)
 j - a +0 robe
Jewellery
 k - a +6 ring of strength (left claw)
Scrolls
 h - a scroll of fear {unknown}
Potions
 c - a potion of attraction
 d - a potion of curing
 e - a potion of degeneration {unknown}
 f - a potion of heal wounds {unknown}
 g - a potion of lignification {unknown}
 i - a potion of resistance {unknown}


   Skills:
 * Level 0.5 Fighting
 + Level 0.5 Short Blades
 + Level 1.0 Throwing
 + Level 1.1 Armour
 + Level 1.0 Dodging
 - Level 1.7 Unarmed Combat
 * Level 2.2 Spellcasting
 * Level 0.1 Conjurations
 + Level 3.0 Translocations


You had 4 spell levels left.
You knew the following spells:

 Your Spells              Type           Power      Damage    Failure   Level
a - Apportation           Tloc           18%        N/A       26%         1

Your spell library contained the following spells:

 Spells                   Type           Power      Damage    Failure   Level
 Lesser Beckoning         Tloc           18%        N/A       36%         2
 Passage of Golubria      Tloc           9%         N/A       94%         4
 Tukima's Dance           Hex            1%         N/A       95%         3
 Iskenderun's Mystic Bla Conj/Tloc 5%             2d3        (+2d1     99%         4
 Yara's Violent Unravell  Hex/Alch       0%         3d3       100%        5


Dungeon Overview and Level Annotations

Branches:
Dungeon (2/15)

Altars:

Annotations:
D:1 1 transporter


Innate Abilities, Weirdness & Mutations

You have sharp fingernails.


Message History

You hit the ribbon worm.
The ribbon worm is severely wounded.
You hit the ribbon worm but do no damage.
The ribbon worm is severely wounded.
The ribbon worm expels a string of sticky webbing.
The stream of webbing hits you but does no damage.
You are caught in a web!
The ribbon worm barely misses you.
You barely miss the ribbon worm.
The ribbon worm is heavily wounded.
The ribbon worm bites you.
* * * LOW HITPOINT WARNING * * *
You hit the ribbon worm.
The ribbon worm is heavily wounded.
You hit the ribbon worm.
The ribbon worm is severely wounded.
The ribbon worm expels a string of sticky webbing.
The stream of webbing hits you but does no damage.
You are caught in a web!
The ribbon worm bites you but does no damage.
You hit the ribbon worm.
The ribbon worm is severely wounded.
The ribbon worm bites you but does no damage.
You barely miss the ribbon worm.
The ribbon worm is heavily wounded.
The ribbon worm bites you.
* * * LOW HITPOINT WARNING * * *
You barely miss the ribbon worm.
The ribbon worm is heavily wounded.
You hit the ribbon worm.
The ribbon worm is heavily wounded.
The ribbon worm closely misses you.
You completely miss the ribbon worm.
The ribbon worm is heavily wounded.
The ribbon worm bites you.
* * * LOW HITPOINT WARNING * * *
You hit the ribbon worm but do no damage.
The ribbon worm is heavily wounded.
The ribbon worm bites you.
You die... # ##.####.# #...w@..# ##.######

You could see a ribbon worm.

Vanquished Creatures
  4 bats (D:1)
  2 endoplasms (D:1)
  A giant cockroach (D:1)
  3 hobgoblins (D:1)
  3 ball pythons (D:1)
  2 frilled lizards (D:1)
  2 goblins (D:1)
  A kobold (D:1)
  3 rats (D:1)
21 creatures vanquished.

Notes
Turn   | Place    | Note
-------+----------+-------------------------------------------
     0 | D:1      | Esekla the Demonspawn Wanderer began the quest for the Orb.
     0 | D:1      | Esekla set off with the following items: a +0 dagger, a +0
                  | scale mail, a potion of attraction, a potion of curing; and
                  | the following spell memorised: Apportation; and the
                  | following spells available to memorise: Lesser Beckoning,
                  | Iskenderun's Mystic Blast.
     0 | D:1      | Reached XP level 1. HP: 13/13 MP: 3/3
   371 | D:1      | Reached skill level 3 in Translocations
   453 | D:1      | Gained mutation: You have sharp fingernails. [demonic
                  | ancestry]
   453 | D:1      | Reached XP level 2. HP: 20/20 MP: 5/5
   949 | D:2      | HP: 1/20 [ribbon worm (4)]
   950 | D:2      | Slain by a ribbon worm

Illustrated notes

Levels and vault maps discovered:
D:1:      spicycebolla_arrival_risky_transporter, layout_loops_corners
D:2:      layout_loops_ring

Skill      XL: |  1 |
---------------+----+-----
Translocations | 3 |  3.0
Fighting       | |  0.5
Short Blades   | |  0.5
Throwing       | |  1.0
Armour         | |  1.1
Dodging        | |  1.0
Unarmed Combat | |  1.7
Spellcasting   | |  2.2
Conjurations   | |  0.1

Action                     || total
---------------------------++-------
  Melee: Dagger            ||   124
 Armour: Scale mail        ||    82
  Dodge: Dodged            ||    48

Table legend: (Time is in decaauts)
 A = Elapsed time spent in this place.
 B = Non-inter-level travel time spent in this place.
 C = Inter-level travel time spent in this place.
 D = Time resting spent in this place.
 E = Time spent auto-exploring this place.
 F = Levels seen in this place.
 G = Mean time per level.
                   A        B        C        D        E       F      G
               +--------+--------+--------+--------+--------+-----+--------+
         Total |    947 |    927 |     20 |     35 |    428 |   2 |  473.5 |
       Dungeon |    947 |    927 |     20 |     35 |    428 |   2 |  473.5 |
               +--------+--------+--------+--------+--------+-----+--------+

Top non-repeatable levels by time:
     D:1: 911 daAuts
     D:2: 36 daAuts
